AoeStats
← Hector

Black Forest

507506550Analyzed
4v4 RM · 13d ago on Sep 18, 2026· 37m 33s· 8 players
Game mode
Random Map
Map size
Large (8 player)
Population
200
Speed
Normal
Resources
Standard
Victory
Conquest
Starting age
Dark Age
Ending age
Imperial Age
RankedLock teamsTeams togetherTeam positionsShared explorationLock speedFull tech treeHidden civsTurbo modeCheats
Victory
Defeat
🇲🇽 Ethiopians · Mexico
1431
+16
🇪🇨 Bohemians · Ecuador
1430
+16
🇦🇹 Celts · Austria
1424
+16
🇭🇰 Khmer · Hong Kong SAR China
1407
+17
🇩🇪 Mongols · Germany
1668
-24
🇩🇪 Koreans · Germany
1462
-18
🇩🇪 Teutons · Germany
1412
-16
🇩🇪 Saracens · Germany
1193
-7
Hector
11:19 Feudal Age
14:55 Castle Age
12:58 Double-Bit Axe
13:28 Horse Collar
16:03 Bow Saw
15:53 Heavy Plow
22:56 Wheelbarrow
24:10 Hand Cart
23:42 Loom
24:54 Gold Mining
24:55 Stone Mining
25:58 Town Watch
29:01 Imperial Age
27:17 Scale Mail Armor
27:27 Forging
28:14 Town Patrol
28:30 Chain Mail Armor
29:12 Onager
29:16 Capped Ram
30:34 Conscription
30:46 Plate Mail Armor
30:37 Furor Celtica
30:52 Pikeman
32:10 Iron Casting
31:31 Siege Onager
32:55 Halberdier
34:32 Siege Ram
36:53 Blast Furnace
36:48 Siege Engineers
37:44 Chemistry
37:28 Fletching
38:00 Ballistics
37:50 Masonry
虫
11:29 Feudal Age
14:38 Castle Age
13:17 Double-Bit Axe
13:20 Horse Collar
15:50 Bow Saw
17:41 Loom
23:00 Wheelbarrow
24:52 Hand Cart
24:29 Gold Mining
24:29 Stone Mining
28:08 Gold Shaft Mining
30:58 Imperial Age
28:58 Town Watch
29:56 Town Patrol
30:16 Heavy Plow
30:58 Scale Barding Armor
31:04 Forging
32:03 Chain Barding Armor
32:07 Conscription
32:52 Crop Rotation
32:26 Husbandry
32:37 Bloodlines
31:48 Elite Battle Elephant
34:20 Plate Barding Armor
34:21 Iron Casting
33:50 Tusk Swords
JAGR | Virus
4:36 Loom
13:24 Feudal Age
17:09 Castle Age
15:08 Double-Bit Axe
15:22 Horse Collar
16:50 Scale Mail Armor
18:11 Bow Saw
18:57 Chain Mail Armor
29:43 Fletching
30:46 Padded Archer Armor
30:49 Elite Skirmisher
35:56 Imperial Age
33:04 Elite Skirmisher
35:21 Bodkin Arrow
36:09 Leather Archer Armor
37:07 Conscription
38:06 Ring Archer Armor
38:08 Ballistics
Maty
0:45 Loom
12:09 Feudal Age
13:07 Feudal Age
14:54 Fletching
20:17 Castle Age
19:23 Double-Bit Axe
19:19 Horse Collar
24:53 Sanctity
32:27 Bow Saw
32:20 Heavy Plow
33:11 Wheelbarrow
34:42 Hand Cart
39:12 Imperial Age
37:48 Town Watch
Willox
8:44 Loom
11:09 Feudal Age
11:58 Double-Bit Axe
16:47 Castle Age
14:54 Gold Mining
14:47 Horse Collar
15:48 Stone Mining
17:56 Bow Saw
19:35 Wheelbarrow
23:13 Hand Cart
30:16 Imperial Age
28:02 Fletching
29:18 Bodkin Arrow
29:53 Padded Archer Armor
31:30 Leather Archer Armor
31:16 Bracer
33:40 Chemistry
33:03 Bloodlines
32:53 Husbandry
33:28 Conscription
33:32 Ballistics
35:57 Siege Engineers
Icke der Dicke
5:33 Loom
13:02 Feudal Age
13:59 Double-Bit Axe
15:56 Gold Mining
17:25 Fletching
19:22 Wheelbarrow
19:23 Horse Collar
27:18 Castle Age
27:07 Padded Archer Armor
27:41 Crossbowman
28:27 Bodkin Arrow
32:15 Bow Saw
32:42 Heavy Plow
Sir Deep purple 2
1:15 Loom
11:12 Feudal Age
12:34 Double-Bit Axe
14:02 Horse Collar
16:35 Fletching
24:26 Castle Age
28:15 Bow Saw
29:04 Wheelbarrow
30:19 Hand Cart
31:22 Heavy Plow
37:28 Imperial Age
36:03 Scale Mail Armor
36:14 Forging
35:26 Pikeman
36:07 Squires
35:53 Arson
canttouchme
4:46 Loom
10:57 Feudal Age
14:36 Castle Age
13:40 Double-Bit Axe
14:46 Gold Mining
23:19 Bow Saw
23:58 Horse Collar
25:08 Wheelbarrow
27:10 Town Watch
30:54 Imperial Age
28:40 Scale Mail Armor
30:02 Gold Shaft Mining
29:30 Heavy Plow
29:24 Fletching
31:47 Gold Shaft Mining
31:29 Hand Cart
32:25 Bodkin Arrow
32:09 Heavy Rocket Cart
33:35 Bracer
33:58 Ballistics
34:46 Masonry
35:05 Pikeman
35:46 Squires
Connection lost

Rejoining the realm…

Still unreachable

The connection could not be restored.

Session expired

The server has moved on; the page needs a fresh start.